[ PARTIDA AOE2 · #495825627 ]
UnrankedBereberes vs Malians
Equipo del jugador · VICT
Equipo rival · DERR
[ ANÁLISIS DE REPETICIÓN · EXTRAÍDO DE LA PARTIDA GRABADA ]
Feudal
9:00
Castillos
21:16
Imperial
37:56
| APM promedio | 59.3 |
| APM pico | 103 |
| eAPM promedio | 31.9 |
| Aldeanos / militares | 137 / 148 |
Foco
⚔️ 44.7% · 🌾 55.3%
Knight ×56 · Camel Scout ×34 · Camel Archer ×27 · Scorpion ×13 · Trebuchet (Packed) ×8 · Skirmisher ×5
Feudal
9:13
Castillos
20:53
Imperial
38:29
| APM promedio | 64.5 |
| APM pico | 125 |
| eAPM promedio | 30.7 |
| Aldeanos / militares | 121 / 125 |
Foco
⚔️ 32.5% · 🌾 67.5%
Gbeto ×64 · Spearman ×25 · Camel Scout ×11 · Archer ×9 · Monk ×7 · Trebuchet (Packed) ×5
Mapa de la partida
Recursos iniciales + cada clic de construcción. Líneas = muros · curvas = relieve. ◆ oro · ⬟ piedra · ● bayas · ✦ reliquia · ◌ hueco del cierre
Tu base· ✓ Cerrada en 21:16 · 52t muro · 2 puerta(s)
Base de topito· Abierta — hueco de 5t
Terreno inicial suavizado · ◌ = hueco del cierre detectado · pasá el cursor para detalles
Inputs por minuto
— BeginnerBoom - - topito
Build order — BeginnerBoom
Primeras 150 de 458 acciones detectadas
| 0:00 | Encolar | Villager (Male) |
| 0:00 | Encolar | Villager (Male) |
| 0:01 | Encolar | Villager (Male) |
| 0:02 | Construir | House |
| 0:03 | Construir | House |
| 0:04 | Encolar | Villager (Male) |
| 1:09 | Encolar | Villager (Male) |
| 1:45 | Construir | Lumber Camp |
| 1:50 | Encolar | Villager (Male) |
| 1:50 | Encolar | Villager (Male) |
| 2:24 | Encolar | Villager (Male) |
| 2:51 | Encolar | Villager (Male) |
| 3:11 | Encolar | Villager (Male) |
| 3:42 | Construir | House |
| 3:44 | Construir | House |
| 3:46 | Encolar | Villager (Male) |
| 3:47 | Encolar | Villager (Male) |
| 3:54 | Encolar | Villager (Male) |
| 4:08 | Encolar | Villager (Male) |
| 4:53 | Construir | Mill |
| 4:58 | Encolar | Villager (Male) |
| 5:22 | Encolar | Villager (Male) |
| 5:45 | Encolar | Villager (Male) |
| 5:55 | Investigar | Loom |
| 6:50 | Investigar | Feudal Age |
| 7:26 | Encolar | Villager (Male) |
| 7:44 | Construir | Lumber Camp |
| 8:16 | Encolar | Villager (Male) |
| 8:34 | Construir | Palisade Wall |
| 8:47 | Construir | Barracks |
| 9:00 | Edad | Edad Feudal |
| 9:08 | Investigar | Double-Bit Axe |
| 9:08 | Investigar | Double-Bit Axe |
| 9:33 | Encolar | Villager (Male) |
| 9:43 | Encolar | Spearman |
| 10:01 | Encolar | Villager (Male) |
| 10:15 | Encolar | Villager (Male) |
| 10:16 | Encolar | Villager (Male) |
| 10:18 | Construir | House |
| 10:19 | Construir | House |
| 10:37 | Encolar | Villager (Male) |
| 10:45 | Construir | Palisade Wall |
| 10:47 | Investigar | Horse Collar |
| 11:10 | Encolar | Villager (Male) |
| 11:12 | Construir | House |
| 11:13 | Construir | House |
| 11:15 | Construir | Farm |
| 11:16 | Construir | Farm |
| 11:16 | Construir | Farm |
| 11:16 | Construir | Farm |
| 11:26 | Construir | Palisade Wall |
| 11:42 | Construir | Farm |
| 11:57 | Construir | Farm |
| 12:19 | Encolar | Villager (Male) |
| 12:20 | Construir | Farm |
| 12:27 | Construir | Archery Range |
| 12:32 | Encolar | Villager (Male) |
| 12:44 | Construir | Farm |
| 12:47 | Construir | Farm |
| 13:07 | Encolar | Villager (Male) |
| 13:17 | Construir | Blacksmith |
| 13:20 | Construir | Palisade Wall |
| 13:26 | Construir | Palisade Wall |
| 13:29 | Encolar | Skirmisher |
| 13:29 | Encolar | Skirmisher |
| 13:39 | Encolar | Villager (Male) |
| 13:39 | Encolar | Villager (Male) |
| 13:45 | Construir | Mill |
| 13:51 | Construir | Farm |
| 14:01 | Construir | House |
| 14:04 | Encolar | Villager (Male) |
| 14:10 | Encolar | Villager (Male) |
| 14:28 | Construir | House |
| 14:29 | Construir | Palisade Wall |
| 14:32 | Encolar | Villager (Male) |
| 14:32 | Encolar | Villager (Male) |
| 14:35 | Construir | Farm |
| 14:36 | Construir | Farm |
| 14:36 | Construir | Farm |
| 14:36 | Construir | Farm |
| 14:52 | Encolar | Skirmisher |
| 15:08 | Encolar | Villager (Male) |
| 15:11 | Investigar | Padded Archer Armor |
| 15:21 | Construir | Farm |
| 15:21 | Construir | Farm |
| 15:21 | Construir | Farm |
| 15:22 | Construir | Farm |
| 15:22 | Construir | Farm |
| 15:24 | Encolar | Villager (Male) |
| 15:32 | Encolar | Villager (Male) |
| 15:48 | Construir | Mining Camp |
| 15:58 | Encolar | Skirmisher |
| 16:24 | Encolar | Villager (Male) |
| 16:28 | Construir | Farm |
| 16:48 | Encolar | Villager (Male) |
| 16:59 | Construir | Palisade Wall |
| 17:11 | Encolar | Skirmisher |
| 17:12 | Encolar | Villager (Male) |
| 17:32 | Construir | Palisade Gate |
| 17:54 | Construir | Palisade Wall |
| 18:11 | Encolar | Villager (Male) |
| 18:12 | Encolar | Villager (Male) |
| 18:15 | Construir | Palisade Wall |
| 18:19 | Construir | Farm |
| 18:26 | Investigar | Castle Age |
| 18:26 | Investigar | Castle Age |
| 18:26 | Investigar | Castle Age |
| 18:38 | Encolar | Spearman |
| 18:39 | Encolar | Villager (Male) |
| 18:54 | Encolar | Villager (Male) |
| 18:55 | Encolar | Villager (Male) |
| 19:00 | Investigar | Scale Barding Armor |
| 19:00 | Investigar | Scale Barding Armor |
| 19:00 | Investigar | Scale Barding Armor |
| 19:08 | Construir | Stable |
| 19:11 | Construir | Stable |
| 19:20 | Encolar | Villager (Male) |
| 20:22 | Investigar | Bloodlines |
| 20:22 | Investigar | Bloodlines |
| 20:23 | Investigar | Bloodlines |
| 20:34 | Construir | Palisade Gate |
| 20:44 | Investigar | Forging |
| 20:50 | Construir | Market |
| 20:53 | Construir | House |
| 21:16 | Edad | Edad de los Castillos |
| 21:20 | Investigar | Bow Saw |
| 21:20 | Investigar | Bow Saw |
| 21:22 | Encolar | Knight |
| 21:22 | Encolar | Knight |
| 21:22 | Encolar | Knight |
| 21:22 | Encolar | Knight |
| 21:33 | Construir | Siege Workshop |
| 21:35 | Investigar | Husbandry |
| 21:48 | Encolar | Villager (Male) |
| 22:07 | Encolar | Villager (Male) |
| 22:11 | Construir | Town Center |
| 22:14 | Encolar | Villager (Male) |
| 22:21 | Encolar | Knight |
| 22:21 | Encolar | Knight |
| 22:25 | Encolar | Battering Ram |
| 22:33 | Construir | House |
| 22:46 | Encolar | Knight |
| 22:46 | Encolar | Knight |
| 22:46 | Encolar | Knight |
| 22:47 | Encolar | Villager (Male) |
| 23:03 | Encolar | Knight |
| 23:03 | Encolar | Knight |
| 23:25 | Encolar | Knight |
| 23:25 | Encolar | Knight |
| 23:26 | Encolar | Knight |
Build order — topito
Primeras 150 de 418 acciones detectadas
| 0:02 | Encolar | Villager (Male) |
| 0:02 | Encolar | Villager (Male) |
| 0:02 | Encolar | Villager (Male) |
| 0:03 | Encolar | Villager (Male) |
| 0:03 | Encolar | Villager (Male) |
| 0:04 | Construir | House |
| 0:06 | Construir | House |
| 1:27 | Encolar | Villager (Male) |
| 1:28 | Encolar | Villager (Male) |
| 1:50 | Construir | Lumber Camp |
| 2:00 | Encolar | Villager (Male) |
| 2:00 | Encolar | Villager (Male) |
| 2:00 | Encolar | Villager (Male) |
| 2:16 | Encolar | Villager (Male) |
| 2:16 | Encolar | Villager (Male) |
| 2:35 | Encolar | Villager (Male) |
| 2:35 | Encolar | Villager (Male) |
| 2:35 | Encolar | Villager (Male) |
| 3:12 | Encolar | Villager (Male) |
| 3:12 | Encolar | Villager (Male) |
| 3:40 | Encolar | Villager (Male) |
| 3:52 | Construir | House |
| 3:53 | Construir | Palisade Wall |
| 4:03 | Encolar | Villager (Male) |
| 4:03 | Encolar | Villager (Male) |
| 4:29 | Encolar | Villager (Male) |
| 4:48 | Encolar | Villager (Male) |
| 5:11 | Construir | Barracks |
| 5:13 | Encolar | Villager (Male) |
| 5:21 | Encolar | Villager (Male) |
| 5:59 | Investigar | Loom |
| 6:14 | Construir | House |
| 7:03 | Investigar | Feudal Age |
| 7:03 | Investigar | Feudal Age |
| 7:37 | Encolar | Militia |
| 7:38 | Encolar | Militia |
| 7:47 | Construir | Mining Camp |
| 8:26 | Encolar | Militia |
| 9:12 | Construir | Palisade Wall |
| 9:13 | Edad | Edad Feudal |
| 9:16 | Construir | Palisade Wall |
| 9:19 | Construir | Palisade Wall |
| 9:26 | Investigar | Man-at-Arms (upgrade) |
| 9:27 | Investigar | Man-at-Arms (upgrade) |
| 9:36 | Encolar | Villager (Male) |
| 9:39 | Encolar | Villager (Male) |
| 9:46 | Construir | Archery Range |
| 10:15 | Construir | Mill |
| 10:17 | Encolar | Villager (Male) |
| 10:45 | Construir | Outpost |
| 11:01 | Construir | House |
| 11:02 | Encolar | Archer |
| 11:03 | Encolar | Archer |
| 11:14 | Encolar | Villager (Male) |
| 11:14 | Encolar | Villager (Male) |
| 11:14 | Encolar | Villager (Male) |
| 11:14 | Encolar | Villager (Male) |
| 11:15 | Encolar | Villager (Male) |
| 11:19 | Construir | Farm |
| 11:19 | Construir | Farm |
| 11:20 | Construir | Farm |
| 11:29 | Construir | House |
| 11:29 | Construir | Palisade Wall |
| 11:30 | Construir | Palisade Wall |
| 11:49 | Construir | Farm |
| 11:51 | Construir | Farm |
| 11:52 | Encolar | Villager (Male) |
| 11:52 | Encolar | Villager (Male) |
| 11:52 | Encolar | Villager (Male) |
| 12:04 | Construir | Farm |
| 12:08 | Construir | Farm |
| 12:18 | Encolar | Archer |
| 12:18 | Encolar | Archer |
| 12:18 | Encolar | Archer |
| 12:26 | Construir | Palisade Wall |
| 12:32 | Encolar | Villager (Male) |
| 12:32 | Encolar | Villager (Male) |
| 12:32 | Encolar | Villager (Male) |
| 12:52 | Construir | Palisade Gate |
| 12:58 | Encolar | Spearman |
| 13:00 | Encolar | Archer |
| 13:00 | Encolar | Archer |
| 13:02 | Encolar | Villager (Male) |
| 13:03 | Encolar | Villager (Male) |
| 13:24 | Encolar | Villager (Male) |
| 13:37 | Encolar | Archer |
| 13:52 | Construir | House |
| 14:00 | Encolar | Villager (Male) |
| 14:12 | Construir | Blacksmith |
| 14:15 | Encolar | Villager (Male) |
| 14:24 | Encolar | Archer |
| 14:30 | Investigar | Double-Bit Axe |
| 14:30 | Investigar | Double-Bit Axe |
| 14:31 | Investigar | Double-Bit Axe |
| 14:34 | Encolar | Villager (Male) |
| 14:59 | Investigar | Fletching |
| 14:59 | Investigar | Fletching |
| 15:05 | Construir | House |
| 15:06 | Construir | House |
| 15:16 | Encolar | Villager (Male) |
| 15:50 | Encolar | Villager (Male) |
| 15:57 | Construir | Farm |
| 15:58 | Construir | Farm |
| 16:16 | Construir | Lumber Camp |
| 16:23 | Encolar | Villager (Male) |
| 16:36 | Construir | House |
| 16:41 | Construir | Palisade Wall |
| 16:48 | Encolar | Villager (Male) |
| 16:49 | Construir | Farm |
| 17:39 | Encolar | Villager (Male) |
| 17:45 | Construir | Farm |
| 18:10 | Construir | Farm |
| 18:13 | Investigar | Castle Age |
| 18:13 | Investigar | Castle Age |
| 18:14 | Investigar | Castle Age |
| 18:35 | Construir | House |
| 18:43 | Construir | Mining Camp |
| 18:57 | Investigar | Gold Mining |
| 18:57 | Investigar | Gold Mining |
| 19:06 | Construir | Palisade Wall |
| 19:29 | Investigar | Stone Mining |
| 19:29 | Investigar | Stone Mining |
| 19:47 | Construir | House |
| 19:48 | Construir | House |
| 19:55 | Construir | Stable |
| 20:00 | Construir | House |
| 20:02 | Construir | House |
| 20:17 | Construir | Palisade Wall |
| 20:20 | Construir | Palisade Wall |
| 20:32 | Construir | Palisade Wall |
| 20:53 | Edad | Edad de los Castillos |
| 21:05 | Construir | Farm |
| 21:06 | Construir | Farm |
| 21:07 | Encolar | Villager (Male) |
| 21:08 | Encolar | Knight |
| 21:20 | Construir | Farm |
| 21:20 | Construir | Farm |
| 21:25 | Construir | Palisade Wall |
| 21:28 | Encolar | Villager (Male) |
| 21:28 | Encolar | Villager (Male) |
| 22:03 | Encolar | Villager (Male) |
| 22:08 | Construir | Monastery |
| 22:12 | Construir | House |
| 22:13 | Encolar | Villager (Male) |
| 22:27 | Encolar | Camel Scout |
| 22:30 | Encolar | Villager (Male) |
| 22:44 | Construir | House |
| 22:54 | Investigar | Scale Barding Armor |
| 22:54 | Investigar | Scale Barding Armor |
| 22:54 | Investigar | Scale Barding Armor |
Cronología de la partida
| 3:53 | topito · wall_segment Palisade Wall x2 |
| 5:11 | topito · first_building Barracks |
| 8:34 | BeginnerBoom · wall_segment Palisade Wall x7 |
| 8:47 | BeginnerBoom · first_building Barracks |
| 9:00 | BeginnerBoom · age_up feudal |
| 9:12 | topito · wall_segment Palisade Wall x1 |
| 9:13 | topito · age_up feudal |
| 9:16 | topito · wall_segment Palisade Wall x1 |
| 9:19 | topito · wall_segment Palisade Wall x1 |
| 9:46 | topito · first_building Archery Range |
| 10:45 | BeginnerBoom · wall_segment Palisade Wall x12 |
| 11:26 | BeginnerBoom · wall_segment Palisade Wall x10 |
| 11:29 | topito · wall_segment Palisade Wall x1 |
| 11:30 | topito · wall_segment Palisade Wall x1 |
| 12:26 | topito · wall_segment Palisade Wall x5 |
| 12:27 | BeginnerBoom · first_building Archery Range |
| 13:20 | BeginnerBoom · wall_segment Palisade Wall x8 |
| 13:26 | BeginnerBoom · wall_segment Palisade Wall x13 |
| 14:29 | BeginnerBoom · wall_segment Palisade Wall x1 |
| 16:41 | topito · wall_segment Palisade Wall x9 |
| 16:59 | BeginnerBoom · wall_segment Palisade Wall x1 |
| 17:54 | BeginnerBoom · wall_segment Palisade Wall x1 |
| 18:15 | BeginnerBoom · wall_segment Palisade Wall x1 |
| 19:06 | topito · wall_segment Palisade Wall x4 |
| 19:08 | BeginnerBoom · first_building Stable |
| 19:55 | topito · first_building Stable |
| 20:17 | topito · wall_segment Palisade Wall x1 |
| 20:20 | topito · wall_segment Palisade Wall x7 |
| 20:32 | topito · wall_segment Palisade Wall x4 |
| 20:53 | topito · age_up castle |
| 21:16 | BeginnerBoom · age_up castle |
| 21:25 | topito · wall_segment Palisade Wall x6 |
| 21:33 | BeginnerBoom · first_building Siege Workshop |
| 22:08 | topito · first_building Monastery |
| 22:29 | BeginnerBoom · first_market_sell 100 stone |
| 24:03 | BeginnerBoom · first_market_buy 100 food |
| 24:28 | topito · first_building Castle |
| 24:45 | topito · wall_segment Palisade Wall x1 |
| 25:53 | BeginnerBoom · first_building Monastery |
| 32:20 | BeginnerBoom · first_building Castle |
| 37:56 | BeginnerBoom · age_up imperial |
| 38:06 | topito · first_market_buy 100 wood |
| 38:29 | topito · age_up imperial |
| 41:21 | topito · first_market_sell 100 food |
| 42:35 | topito · resign |
[ ANÁLISIS IA · 1 CRÉDITO ]
¿Qué pasó realmente en esta partida?
Wolo.gg analiza cada decisión: build order, eco, micro, errores típicos por bracket. Análisis personalizado por WhatsApp o Discord en 30 segundos.
Guía civ
Bereberes
Perfil
Jugador #21225673